 Dungeon Crawl Stone Soup version 0.27.1-1-g398f81649c (webtiles) character file.

Game seed: 4298919552486436834

53 Rickety the Sneak (level 3, -4/16 HPs)
             Began as a Spriggan Enchanter on Sept 20, 2021.
             Slain by Grinder (6 damage)
             ... on level 3 of the Dungeon.
             The game lasted 00:02:41 (1681 turns).

Rickety the Sneak (Spriggan Enchanter)              Turns: 1681, Time: 00:02:42

Health: -4/16      AC:  2    Str:  4    XL:     3   Next: 62%
Magic:  5/8        EV: 18    Int: 16    God:
Gold:   68         SH:  0    Dex: 16    Spells: 1/7 levels left

rFire    + . .     SeeInvis +   a - +1 dagger
rCold    + . .     Faith    .   (shield restricted)
rNeg     . . .     Spirit   .   b - +0 robe
rPois    .         Reflect  .   (helmet restricted)
rElec    .         Harm     .   f - scarf {rC+ rF+}
rCorr    .         Rampage  .   (gloves unavailable)
Will     .....                  (boots unavailable)
Stlth    +++.......             (no amulet)
HPRegen  0.05/turn              (no ring)
MPRegen  0.11/turn              (no ring)

@: confusing by touch, very quick
A: very small, no large weapons, unfitting armour, see invisible, speed 3
a: no special abilities


You were on level 3 of the Dungeon.
You visited 1 branch of the dungeon, and saw 3 of its levels.

You collected 68 gold pieces.

Inventory:

Hand Weapons
 a - a +1 dagger (weapon)
Armour
 b - a +0 robe (worn)
 f - a scarf of resistance (worn)
Scrolls
 g - a scroll of identify {unknown}
Potions
 c - 2 potions of attraction {unknown}
 d - a potion of resistance {unknown}
 e - 2 potions of curing {unknown}
 h - a potion of flight {unknown}


   Skills:
 + Level 1.2 Short Blades
 + Level 3.2 Dodging
 * Level 6.0 Stealth
 + Level 2.9 Spellcasting
 + Level 4.2 Hexes


You had one spell level left.
You knew the following spells:

 Your Spells              Type           Power      Damage    Failure   Level
a - Corona                Hex            16%        N/A       3%          1
b - Ensorcelled Hibernat  Hex/Ice        18%        N/A       12%         2
c - Confusing Touch       Hex            15%        N/A       10%         3

Your spell library contained the following spells:

 Spells                   Type           Power      Damage    Failure   Level
 Tukima's Dance           Hex            15%        N/A       10%         3
 Dazzling Flash           Conj/Hex       18%        N/A       24%         3
 Passage of Golubria      Tloc           N/A        N/A       88%         4
 Yara's Violent Unravell  Hex/Tmut       4%         3d4       91%         5


Dungeon Overview and Level Annotations

Branches:
Dungeon (3/15)

Altars:

Annotations:
D:3 Grinder


Innate Abilities, Weirdness & Mutations

You are very small and have problems with some larger weapons.
You are too small for most types of armour.
You have supernaturally acute eyesight. (SInv)
You cover ground extremely quickly. (Speed+++)


Message History

You see here a +0 dagger.
You see here an adder skeleton.
There is an escape hatch in the floor here.
Found 7 gold pieces.
You now have 68 gold pieces (gained 7).
Done exploring.
Done exploring.
There is an escape hatch in the floor here.
There is a stone staircase leading down here.
You climb downwards.
There is a stone staircase leading up here.
Search for what [? for help]? dart Can't find anything matching that.
The helpless Grinder fails to defend herself.
You impale Grinder!!
Grinder is severely wounded.
Grinder barely misses you.
The kobold throws a poisoned dart.
The poisoned dart closely misses you.
Casting: Ensorcelled Hibernation (safe; 12% risk of failure)
Confirm with . or Enter, or press ? or * to list all spells.
The spell is extremely dangerous to cast (10% risk of failure)!
Continue anyway?
Your hands begin to glow red.
Grinder gestures at you. You resist with significant effort.
You barely miss Grinder.
Grinder is severely wounded.
The kobold throws a poisoned dart.
The poisoned dart closely misses you. Grinder misses you.
You hit Grinder but do no damage.
Grinder is severely wounded.
Grinder hits you!
You writhe in agony.
You barely miss Grinder.
Grinder is severely wounded.
Grinder completely misses you. The kobold barely misses you.
You hit Grinder but do no damage.
Grinder is severely wounded.
Grinder hits you.
* * * LOW HITPOINT WARNING * * *
You writhe in agony.
You die...

.. ...
...###########
.............#
..w..........#
........5....#
......K@.....#
.........#####
.........#
.........#
.......<.#
..#......#
.........#
..######## ..


You could see Grinder, a worm (asleep) and a kobold.

Vanquished Creatures
  3 adders (D:2)
  A worm (D:2)
  A dart slug (D:1)
  4 bats
  2 endoplasms (D:1)
  A giant cockroach (D:2)
  3 goblins
  3 hobgoblins
  A ball python (D:2)
19 creatures vanquished.

Notes
Turn   | Place    | Note
-------+----------+-------------------------------------------
     0 | D:1      | Rickety the Spriggan Enchanter began the quest for the Orb.
     0 | D:1      | Reached XP level 1. HP: 9/9 MP: 5/5
   408 | D:1      | Reached XP level 2. HP: 12/13 MP: 6/6
   424 | D:1      | Learned a level 2 spell: Ensorcelled Hibernation
   716 | D:2      | Reached skill level 5 in Stealth
   989 | D:2      | Reached XP level 3. HP: 16/16 MP: 0/8
  1006 | D:2      | Learned a level 3 spell: Confusing Touch
  1264 | D:2      | Found a faded altar of an unknown god.
  1437 | D:2      | Reached skill level 6 in Stealth
  1671 | D:3      | Noticed Grinder
  1681 | D:3      | Slain by Grinder

Illustrated notes

Levels and vault maps discovered:
D:1:      dpeg_arrival_solitude, layout_loops_ring, nrook_mini_vaults
D:2:      layout_loops_ring, ebering_ecumenical_altar_mist
D:3:      layout_rooms, minmay_misc_feat_enclosed,
          minmay_misc_feat_four_crosses, uniq_jessica, uniq_grinder, uniq_robin,
          uniq_natasha

Skill      XL: |  1  2  3 |
---------------+----------+-----
Hexes          | 4 |  4.2
Stealth        | 5 6 |  6.0
Dodging        | 3 |  3.2
Short Blades   | |  1.2
Spellcasting   | |  2.9

Action                   || total
-------------------------++-------
Melee: Dagger            ||    61
 Cast: Ensorcelled Hiber ||     9
       Confusing Touch   ||     1
 Stab: Sleeping          ||    15
Armor: Robe              ||     8
Dodge: Dodged            ||    48
